 Dungeon Crawl Stone Soup version 0.29.1-15-g9cfb28693d (webtiles) character file.

Game seed: 18145989790130261462

3271 roguespy the Shooter (level 10, 0/75 (76) HPs)
             Began as a Human Hunter on Mar 22, 2023.
             Was an Initiate of Nemelex Xobeh.
             Slain by a boulder beetle (6 damage)
             ... on level 9 of the Dungeon on Mar 23, 2023.
             The game lasted 00:53:04 (8384 turns).

roguespy the Shooter (Human Hunter)                 Turns: 8384, Time: 00:53:04

HP:   0/75 (76)     AC:  9    Str: 13    XL:     10   Next: 19%
MP:   13/13         EV: 15    Int:  9    God:    Nemelex Xobeh [......]
Gold: 216           SH:  0    Dex: 20    Spells: 9/9 levels left

rFire   . . .      SeeInvis .   y - +1 falchion (drain)
rCold   . . .      Faith    .   (no shield)
rNeg    . . .      Spirit   .   w - +1 troll leather armour
rPois   +          Reflect  .   u - +2 hat
rElec   .          Harm     .   H - +0 cloak {rPois}
rCorr   +          Rampage  .   (no gloves)
Will    .....                   (no boots)
Stlth   +++.......              C - amulet of regeneration
HPRegen 1.82/turn               h - ring of resist corrosion
MPRegen 0.13/turn               (no ring)

@: lightly drained
A: no striking features
a: Renounce Religion, Draw Escape, Draw Destruction, Draw Summoning


You were on level 9 of the Dungeon.
You worshipped Nemelex Xobeh.
Nemelex Xobeh was noncommittal.
You visited 2 branches of the dungeon, and saw 10 of its levels.

You collected 572 gold pieces.
You spent 356 gold pieces at shops.

Inventory:

Hand Weapons
 a - a +0 shortbow
 e - a +0 rapier
 f - a +0 vampiric dagger
 s - a +0 great sword
 t - the +8 quarterstaff of the Unseen Realm {speed, *Noise Will++}
   (You found it on level 8 of the Dungeon)

   Attacks with this weapon are significantly faster.
   *Noise:    It may make noises in combat.
   Will:      It greatly increases your willpower.
 v - a +5 long sword
 y - a +1 falchion of draining (weapon)
Missiles
 m - 7 boomerangs
 E - a throwing net
Armour
 c - a +0 leather armour
 g - a +0 ring mail
 q - a +0 helmet
 u - a +2 hat (worn)
 w - a +1 troll leather armour (worn)
 B - a +0 chain mail
 F - +0 steam dragon scales
 H - a +0 cloak of poison resistance (worn)
 L - a scarf of resistance
Jewellery
 d - a +6 ring of intelligence
 h - a ring of resist corrosion (left hand)
 r - a ring of magical power
 x - a ring of flight
 C - an amulet of regeneration (around neck)
 I - a ring of see invisible
 K - a +4 ring of protection
Wands
 n - a wand of flame (12)
 G - a wand of light (19)
Scrolls
 b - 2 scrolls of immolation
 k - 2 scrolls of vulnerability
 D - a scroll of amnesia
Potions
 i - a potion of attraction
 j - 2 potions of might {unknown}
 l - 3 potions of curing
 o - a potion of haste {unknown}
 p - a potion of resistance {unknown}
 z - a potion of cancellation {unknown}
 A - 2 potions of heal wounds {unknown}


   Skills:
 + Level 6.1 Fighting
 - Level 2.7(4.0) Short Blades
 + Level 4.5(4.9) Long Blades
 + Level 6.9 Ranged Weapons
 - Level 4.9 Armour
 + Level 6.2 Dodging
 - Level 3.8 Stealth
 + Level 4.0 Invocations


You had 9 spell levels left.
You didn't know any spells.
Your spell library contained the following spells:

 Spells                   Type           Power      Damage    Failure   Level
 Slow                     Hex            0%         N/A       45%         1
 Poisonous Vapours        Pois/Air       0%         N/A       58%         2
 Static Discharge         Conj/Air       0%         3-3/arc   58%         2
 Confusing Touch          Hex            0%         N/A       83%         3
 Vampiric Draining        Necr           0%         2d6       83%         3
 Anguish                  Hex/Necr       0%         N/A       99%         4
 Corpse Rot               Necr/Pois/Air  0%         N/A       99%         4
 Dispel Undead            Necr           0%         3d6       99%         4
 Sticky Flame             Conj/Fire      0%         2d3       99%         4
 Enfeeble                 Hex            0%         N/A       100%        7


Dungeon Overview and Level Annotations

Branches:
Dungeon (9/15)             Temple (1/1) D:7            Lair (0/5) D:8
    Orc: D:9-12

Altars:
Ashenzari
Cheibriados
Dithmenos
Elyvilon
Fedhas
Gozag
Hepliaklqana
Kikubaaqudgha
Makhleb
Nemelex Xobeh
Okawaru
Qazlal
Ru
Sif Muna
Trog
Uskayaw
Vehumet
Wu Jian
Xom
Yredelemnul
Zin
The Shining One

Shops:
D:5 *   D:9 [

Annotations:
D:3 1 runed translucent door, 123deadman's ghost, weakling SpAE
D:5 Edmund


Message History

You continue putting on your scarf of resistance. x4
You finish putting on your scarf of resistance.
You feel resistant to extremes of temperature.
You start removing your armour.
You continue taking off your scarf of resistance. x4
You finish taking off your scarf of resistance.
You feel hot and cold all over.
You start putting on your armour.
You continue putting on your +0 cloak of poison resistance. x5
You finish putting on your +0 cloak of poison resistance.
You feel resistant to poison.
There is a stone staircase leading down here.
You climb downwards.
There is a stone staircase leading up here.
Found 13 gold pieces.
Found a battleaxe, a wand of light (4) and 14 gold pieces.
A boulder beetle comes into view.
Found a plate armour, 2 potions of attraction and a human corpse.
The centaur warrior shouts!
The boulder beetle curls into a ball and begins rolling!
The boulder beetle attacks as you move away!
The boulder beetle hits you but does no damage.
The boulder beetle stops rolling and uncurls.
The boulder beetle attacks as you move away!
The boulder beetle bites you!!
The boulder beetle attacks as you move away!
The boulder beetle bites you!
* * * LOW HITPOINT WARNING * * *
Okay, then.
Okay, then.
The boulder beetle curls into a ball and begins rolling!
The boulder beetle hits you!!!
Ouch! That really hurt!
* * * LOW HITPOINT WARNING * * *
The boulder beetle stops rolling and uncurls.
As you read the scroll labelled OTHIUV VIXO, it crumbles to dust.
Wisps of shadow whirl around you...
It was a scroll of summoning.
The boulder beetle bites you.
You die...
Your body disappears without a glow.

.................
######..#○..#...
##..#...# [
######...#...#
#.......##.!.#
$....##.# .B.#
#.##. #l# .†.# #
# #B# #@# #T# #h#
#.# #<# ### o#
..#


You could see a boulder beetle (ally target), a friendly troll (summoned), a
friendly wyvern (summoned) and a friendly howler monkey (summoned).

Vanquished Creatures
  3 wyverns (D:8)
  A yak (D:8)
  A basilisk (D:8)
  2 steam dragons
  2 vampire mosquitoes (D:7)
  Menkaure (D:5)
  A water moccasin (D:7)
  An ice beast (D:7)
  A black bear (D:8)
  2 ogres (D:5)
  3 centaurs
  2 bullfrogs (D:8)
  A necrophage (D:8)
  3 wights (D:8)
  5 killer bees
  A jelly (D:6)
  3 orc priests (D:8)
  2 hounds
  An iguana (D:5)
  Natasha (thrice) (D:3)
  7 orc wizards
  Robin (D:2)
  A gnoll (D:1)
  3 adders
  An ufetubus (D:6)
  6 worms
  5 dart slugs
  21 orcs
  6 ball pythons
  9 endoplasms
  4 giant cockroaches
  19 goblins
  6 hobgoblins
  4 quokkas (D:1)
  6 bats
  A frilled lizard (D:2)
  8 kobolds
  3 rats
150 creatures vanquished.

Notes
Turn   | Place    | Note
-------+----------+-------------------------------------------
     0 | D:1      | roguespy the Human Hunter began the quest for the Orb.
     0 | D:1      | Reached XP level 1. HP: 16/16 MP: 1/1
   100 | D:1      | Reached XP level 2. HP: 13/22 MP: 2/2
   291 | D:1      | Reached XP level 3. HP: 15/27 MP: 3/3
   827 | D:1      | Reached XP level 4. HP: 34/34 MP: 4/4
  1611 | D:3      | Noticed Robin
  1812 | D:3      | Found a stormy altar of Qazlal.
  2008 | D:2      | Killed Robin
  2009 | D:2      | Reached skill level 1 in Short Blades
  2009 | D:2      | Reached XP level 5. HP: 22/39 MP: 5/5
  2542 | D:3      | Found a runed translucent door.
  2542 | D:3      | Noticed 123deadman's ghost (weakling SpAE)
  2589 | D:3      | Noticed Natasha
  2593 | D:3      | Killed Natasha
  2784 | D:3      | Noticed Natasha
  2790 | D:3      | Killed Natasha
  2799 | D:3      | Noticed Natasha
  2827 | D:3      | Killed Natasha
  2828 | D:3      | Reached XP level 6. HP: 47/47 MP: 6/6
  3447 | D:4      | Found a shimmering blue altar of Sif Muna.
  3927 | D:5      | Entered Level 5 of the Dungeon
  3948 | D:5      | Reached skill level 1 in Armour
  4021 | D:5      | Noticed Edmund
  4318 | D:5      | Found an ornate altar of the Wu Jian Council.
  4596 | D:4      | Reached XP level 7. HP: 44/52 MP: 7/7
  4734 | D:5      | Found Zin's Purification Station.
  4736 | D:5      | Found a glowing silver altar of Zin.
  4757 | D:5      | Noticed Menkaure
  4776 | D:5      | Killed Menkaure
  4777 | D:5      | Reached skill level 5 in Ranged Weapons
  5672 | D:6      | Reached XP level 8. HP: 60/60 MP: 8/8
  5684 | D:6      | Found a bloodstained altar of Trog.
  5715 | D:6      | Found a hide-covered altar of Uskayaw.
  5716 | D:6      | Found a glowing golden altar of the Shining One.
  6007 | D:6      | Reached skill level 1 in Long Blades
  6327 | D:7      | Found a white marble altar of Elyvilon.
  6497 | D:7      | Found a staircase to the Ecumenical Temple.
  6515 | Temple   | Entered the Ecumenical Temple
  6610 | Temple   | Became a worshipper of Nemelex Xobeh the Trickster
  6745 | D:8      | Reached XP level 9. HP: 62/67 MP: 9/9
  6749 | D:8      | Reached skill level 5 in Dodging
  6774 | D:8      | Reached skill level 1 in Invocations
  6788 | D:8      | Reached skill level 5 in Fighting
  7546 | D:8      | Reached XP level 10. HP: 61/76 MP: 12/12
  7573 | D:8      | Found a staircase to the Lair.
  7580 | D:8      | Identified the +8 quarterstaff of the Unseen Realm {speed,
                  | *Noise Will++}
  7609 | D:8      | Found a shadowy altar of Dithmenos.
  7611 | D:8      | Found an iron altar of Okawaru.
  8322 | D:9      | Found Feug's Antique Armour Shoppe.
  8325 | D:9      | Bought a glowing cloak for 172 gold pieces
  8325 | D:9      | Bought an embroidered scarf for 184 gold pieces
  8374 | D:9      | Noticed a centaur warrior
  8374 | D:9      | Noticed a boulder beetle
  8384 | D:9      | Slain by a boulder beetle

Illustrated notes

Levels and vault maps discovered:
D:1:      mainiacjoe_arrival_reflecting_pool, layout_basic,
          minmay_tiny_reverse_x
D:2:      layout_loops_ring, nicolae_concentric_dashed_squares_mild
D:3:      layout_loops_ring, old_standard_altar, hellmonk_ghost_happy_afterlife,
          uniq_robin, uniq_natasha
D:4:      layout_basic, mainiacjoe_overflow_tiny_flanked, grunt_ministairs_4,
          kennysheep_generic_room_8
D:5:      layout_basic, zin_purify, mainiacjoe_overflow_brackets,
          corexii_item_surrounded_by_moat, reono_crystal_passage,
          nicolae_wormholes, uniq_edmund, uniq_menkaure
D:6:      layout_rooms, grunt_temple_overflow_open
D:7:      layout_rooms, lemuel_round_altar, minmay_temple_entry_antechambers
D:8:      minmay_inner_zag, layout_loops_cross,
          mainiacjoe_overflow_catwalk_spiral, david_lair_generic,
          nicolae_ossuary_entry_plus
D:9:      layout_basic, gammafunk_ghost_arena, serial_shops,
          nicolae_stop_n_shop_1, nzn_sisyphean_effort
Temple:   nicolae_temple_ecumenical_triangle

Skill      XL: |  1  2  3  4  5  6  7  8  9 10 |
---------------+-------------------------------+-----
Stealth        | 2 3 |  3.8
Short Blades   | 1 2 |  2.7
Fighting       | 3 4 5 6 |  6.1
Dodging        | 3 4 5 6 |  6.2
Armour         | 1 2 3 4 |  4.9
Ranged Weapons | 5 6 |  6.9
Long Blades    | 2 4 |  4.5
Invocations    | 3 4 |  4.0

Action                   |  1- 3 |  4- 6 |  7- 9 | 10-12 || total
-------------------------+-------+-------+-------+-------++-------
Melee: Rapier            |       |     7 |     2 |       ||     9
       Dagger            |       |    19 |    36 |       ||    55
       Great sword       |       |       |   126 |       ||   126
       Falchion          |       |       |    47 |    23 ||    70
       Long sword        |       |       |       |    10 ||    10
       Quarterstaff      |       |       |       |     9 ||     9
       Punch             |       |       |       |     1 ||     1
 Fire: Shortbow          |    67 |   230 |   122 |    21 ||   440
  Use: Scroll            |       |     4 |     5 |     4 ||    13
       Potion            |       |     2 |     1 |       ||     3
 Stab: Sleeping          |       |     1 |     1 |       ||     2
Armor: Leather armour    |    12 |    16 |       |       ||    28
       Troll leather arm |       |    44 |   108 |     8 ||   160
Dodge: Dodged            |    31 |   131 |   301 |    25 ||   488
